Rangers vs Devils

Created - 29 janvier 2017 at 19:35

Goals
1 2 3 T
Rangers 3 2 2 7
Devils 2 0 3 5
Shots
1 2 3 T
Rangers 13 9 9 31
Devils 14 10 17 41

1st period

1. Rangers , Patrice Bergeron 22 (Milan Lucic) at 2:33
2. Rangers , Milan Lucic 21 (Patrice Bergeron) at 8:44 (PP)
3. Rangers , Jakob Silfverberg 17 (Matt Greene, Mike Cammalleri) at 12:26
4. Devils , Vincent Lecavalier 8 (Michal Rozsival, Jay McKee) at 14:52
5. Devils , Damien Brunner 4 (Brett Maclean, Mike Komisarek) at 16:58

Penalties :
Michael Frolik (NJD) for Cross-checking (Minor) at 2:38, Steve Ott (NJD) for Hooking (Minor) at 8:01, Mike Cammalleri (NYR) for Tripping (Minor) at 9:28

2nd period

6. Rangers , Jakob Silfverberg 18 (Mike Cammalleri, Stephen Weiss) at 3:40 (PP)
7. Rangers , Patrice Bergeron 23 (Milan Lucic, Drew Stafford) at 18:30

Penalties :
Vincent Lecavalier (NJD) for Charging (Minor) at 3:03, Karl Alzner (NJD) for Interference (Minor) at 4:30, Matt Greene (NYR) for Boarding (Major) at 12:42

3rd period

8. Devils , Matt Duchene 17 (Ilya Kovalchuk) at 1:43
9. Devils , Vincent Lecavalier 9 (Gabriel Landeskog) at 4:29
10. Rangers , Drew Stafford 14 (Milan Lucic, Patrice Bergeron) at 6:24 (PP)
11. Rangers , Matt Read 6 (Ryan Suter, Artem Anisimov) at 8:30
12. Devils , Vladimir Tarasenko 14 (Jay McKee, Ilya Kovalchuk) at 18:52

Penalties :
Chris Phillips (NJD) for Interference (Minor) at 4:59, Jason Spezza (NJD) for Hooking (Minor) at 11:39

Goalie Stats

Hannu Toivonen (NYR), 36 saves from 41 shots - (0,878), W, 6-6-1, 60:00 minutes
Frederik Andersen (NJD), 11 saves from 14 shots - (0,786), L, 6-9-2, 36:20 minutes
James Reimer (NJD), 13 saves from 17 shots - (0,765), 23:40 minutes

Players Stats for Rangers

Player Name              G  A  P  +/- PIM S  H  SB GA TA FO     MP     PP MP  PK MP  
------------------------------------------------------------------------------------
Artem Anisimov           0  1  1   0  0   3  0  0  0  0  4/8    12:59   0:00   2:04 
Bryan Young              0  0  0  -1  0   0  1  0  0  0  0/0    10:07   2:14   2:42 
Cam Barker               0  0  0  -1  0   5  2  5  3  2  0/0    31:13   5:26   3:42 
Chris Bourque            0  0  0  -2  0   1  0  0  0  1  0/0     9:00   0:00   1:53 
Drew Stafford            1  1  2   0  0   2  1  1  0  1  1/2    21:23   5:38   0:53 
Gustav Nyquist           0  0  0  -2  0   1  0  0  0  0  0/0     6:26   0:00   0:00 
Jakob Silfverberg        2  0  2   1  0   4  1  0  2  0  0/1    15:34   3:04   0:00 
Mark Fistric             0  0  0   0  0   0  1  1  0  0  0/0     6:58   1:30   1:03 
Matt Greene              0  1  1   1  5   2  2  0  0  1  0/0    19:38   3:16   0:56 
Matt Read                1  0  1   0  0   1  3  0  0  0  0/0    12:44   0:00   2:04 
Mike Cammalleri          0  2  2   1  2   5  4  0  1  0  1/1    16:04   3:04   0:17 
Milan Lucic              1  3  4   0  0   3  4  0  4  0  0/1    20:13   5:38   0:00 
Nick Foligno             0  0  0   0  0   0  1  1  0  0  0/0    13:50   0:00   3:02 
Patrice Bergeron         2  2  4   0  0   4  3  0  1  0  18/37  21:59   5:38   1:45 
Ryan Suter               0  1  1  -1  0   0  0  1  2  1  0/0    29:02   4:58   2:53 
Staffan Kronwall         0  0  0   0  0   0  0  0  0  1  0/0    20:24   0:00   1:20 
Stephen Weiss            0  1  1   1  0   0  2  0  0  0  7/8    15:50   3:04   0:16 
Valtteri Filppula        0  0  0  -2  0   0  0  1  0  1  1/6     9:36   0:00   3:02 

Players Stats for Devils

Player Name              G  A  P  +/- PIM S  H  SB GA TA FO     MP     PP MP  PK MP  
------------------------------------------------------------------------------------
Brad Richardson          0  0  0  -1  0   1  0  1  1  0  1/1    12:24   0:56   2:14 
Brent Seabrook           0  0  0   1  0   2  2  3  2  1  0/0    25:01   3:31   4:50 
Brett Maclean            0  1  1   0  0   0  0  0  1  0  0/0     6:48   0:00   0:00 
Chris Mcallister         0  0  0  -1  0   1  1  0  0  1  0/0    13:35   0:53   0:36 
Chris Phillips           0  0  0   1  2   0  1  0  1  2  0/0    17:42   3:54   0:00 
Damien Brunner           1  0  1   0  0   3  1  0  0  0  0/1     6:48   0:00   0:00 
Gabriel Landeskog        0  1  1   0  0   2  0  0  0  1  0/0    15:05   2:52   3:27 
Ilya Kovalchuk           0  2  2   2  0   10 4  0  0  1  1/1    19:04   3:11   0:00 
Jason Spezza             0  0  0   0  2   1  0  1  1  0  4/12   16:40   2:52   1:53 
Jay McKee                0  2  2   0  0   1  1  1  0  0  0/0    23:01   0:57   3:45 
Karl Alzner              0  0  0   0  2   1  0  0  0  0  0/0    15:32   2:47   0:07 
Matt Duchene             1  0  1   2  0   6  2  0  2  0  17/31  19:58   3:01   0:59 
Michael Frolik           0  0  0   0  2   2  2  0  0  0  0/1    19:13   2:52   3:57 
Michal Rozsival          0  1  1   0  0   2  2  1  0  2  0/0    24:27   2:47   3:45 
Mike Komisarek           0  1  1   0  0   0  2  0  0  3  0/0    14:44   0:00   4:57 
Steve Ott                0  0  0   0  2   1  1  0  0  0  3/3     7:59   1:07   0:00 
Vincent Lecavalier       2  0  2  -1  2   4  1  0  0  2  5/12   14:08   0:00   4:18 
Vladimir Tarasenko       1  0  1   2  0   4  1  0  0  0  1/2    19:03   3:10   0:00 

3 Stars

1 - Patrice Bergeron (NYR)
2 - Milan Lucic (NYR)
3 - Jakob Silfverberg (NYR)

Power Play

Rangers - 3 on 6 Attempt(s) - 50,00%
Devils - 0 on 2 Attempt(s) - 0,00%

Penalty Kill

Rangers - 2 on 2 Attempt(s) - 100,00% - Score 0 goal in Penalty Kill
Devils - 3 on 6 Attempt(s) - 50,00% - Score 0 goal in Penalty Kill

Team Stat

Rangers - Hits : 25 - Faceoff Wins : 32 - Blocked Shots : 10 - Penalty Minutes : 7
Devils - Hits : 21 - Faceoff Wins : 32 - Blocked Shots : 7 - Penalty Minutes : 12

Official

Referees : Walkom Stephen and Kowal Tom
Linesman : Bryan Pancich and Steve Miller

Game Notes

Mark Fistric is injured at 0:12 of 2nd period (Sprained Right Ankle)
Frederik Andersen enters game at 3:40 of 2nd period

Finance

Level 1 -- Attendance: 5674 (94,57%) -- Ticket Income 482 290 $
Level 2 -- Attendance: 4563 (91,26%) -- Ticket Income 237 276 $
Level 3 -- Attendance: 1819 (90,95%) -- Ticket Income 50 932 $
Level 4 -- Attendance: 4000 (100,00%) -- Ticket Income 80 000 $
Luxury Box -- Attendance: 1000 (100,00%) -- Ticket Income 150 000 $
Game was played at the The prudential Center.
Total Attendance: 17056 (94,76%)
Total Ticket Income: 1 000 498 $
Other Income: 150 075 $
Total Income: 1 150 573 $

Rangers

5 vs 5 Forward 
   Center                   Left Wing                Right Wing               Time % Phy DF OF 
 1 Patrice Bergeron         Milan Lucic              Drew Stafford            40     1   2  2  
 2 Stephen Weiss            Mike Cammalleri          Jakob Silfverberg        30     1   2  2  
 3 Artem Anisimov           Nick Foligno             Matt Read                20     1   2  2  
 4 Valtteri Filppula        Chris Bourque            Gustav Nyquist           10     1   2  2  

5 vs 5 Defense 
   Defense                  Defense                                           Time % Phy DF OF 
 1 Cam Barker               Ryan Suter                                        40     1   2  2  
 2 Mark Fistric             Staffan Kronwall                                  30     1   2  2  
 3 Matt Greene              Staffan Kronwall                                  20     1   2  2  
 4 Cam Barker               Mark Fistric                                      10     1   2  2  

PowerPlay Forward 
   Center                   Left Wing                Right Wing               Time % Phy DF OF 
 1 Patrice Bergeron         Milan Lucic              Drew Stafford            60     1   2  2  
 2 Stephen Weiss            Mike Cammalleri          Jakob Silfverberg        40     1   2  2  

PowerPlay Defense
   Defense                  Defense                                           Time % Phy DF OF 
 1 Cam Barker               Mark Fistric                                      60     1   2  2  
 2 Matt Greene              Ryan Suter                                        40     1   2  2  

Penalty Kill 4 Players Forward 
   Center                   Wing                     Time % Phy DF OF 
 1 Valtteri Filppula        Nick Foligno             60     1   2  2  
 2 Artem Anisimov           Matt Read                40     1   2  2  

Penalty Kill 4 Players Defense
   Defense                  Defense                  Time % Phy DF OF 
 1 Cam Barker               Matt Greene              60     1   2  2  
 2 Mark Fistric             Ryan Suter               40     1   2  2  

Penalty Kill - 3 Players Forward 
   Forward                                           Time % Phy DF OF 
 1 Matt Read                                         60     1   2  2  
 2 Nick Foligno                                      40     1   2  2  

Penalty Kill - 3 Players Defense
   Defense                  Defense                  Time % Phy DF OF 
 1 Cam Barker               Matt Greene              60     1   2  2  
 2 Mark Fistric             Ryan Suter               40     1   2  2  

4 vs 4 Forward 
   Center                   Wing                     Time % Phy DF OF 
 1 Patrice Bergeron         Milan Lucic              60     1   2  2  
 2 Stephen Weiss            Jakob Silfverberg        40     1   2  2  

4 vs 4 Defense
   Defense                  Defense                  Time % Phy DF OF 
 1 Cam Barker               Ryan Suter               60     1   2  2  
 2 Mark Fistric             Matt Greene              40     1   2  2  

Last Minutes Offensive
   Center                   Left Wing                Right Wing               Defense                  Defense                  
   Patrice Bergeron         Milan Lucic              Jakob Silfverberg        Cam Barker               Drew Stafford            

Last Minutes Defensive
   Center                   Left Wing                Right Wing               Defense                  Defense                  
   Patrice Bergeron         Nick Foligno             Matt Read                Cam Barker               Mark Fistric             

Goaltenders
Starting : Hannu Toivonen           
Backup : Henrik Lundqvist         

Extra Forwards
Normal : Artem Anisimov, Valtteri Filppula, Milan Lucic - PP : Jakob Silfverberg, Patrice Bergeron - PK : Patrice Bergeron
Extra Defensemen
Normal : Matt Greene, Ryan Suter, Cam Barker - PP : Ryan Suter - PK : Cam Barker, Matt Greene
Penalty Shots
Patrice Bergeron, Jakob Silfverberg, Milan Lucic, Stephen Weiss, Valtteri Filppula

Devils

5 vs 5 Forward 
   Center                   Left Wing                Right Wing               Time % Phy DF OF 
 1 Matt Duchene             Ilya Kovalchuk           Vladimir Tarasenko       40     0   2  3  
 2 Jason Spezza             Chris Mcallister         Michael Frolik           30     0   2  3  
 3 Vincent Lecavalier       Gabriel Landeskog        Brad Richardson          20     0   2  3  
 4 Steve Ott                Brett Maclean            Damien Brunner           10     0   3  2  

5 vs 5 Defense 
   Defense                  Defense                                           Time % Phy DF OF 
 1 Michal Rozsival          Jay McKee                                         40     1   2  2  
 2 Chris Phillips           Brent Seabrook                                    30     1   2  2  
 3 Karl Alzner              Mike Komisarek                                    20     1   2  2  
 4 Brent Seabrook           Karl Alzner                                       10     1   2  2  

PowerPlay Forward 
   Center                   Left Wing                Right Wing               Time % Phy DF OF 
 1 Matt Duchene             Ilya Kovalchuk           Vladimir Tarasenko       55     0   1  4  
 2 Jason Spezza             Gabriel Landeskog        Michael Frolik           45     0   1  4  

PowerPlay Defense
   Defense                  Defense                                           Time % Phy DF OF 
 1 Brent Seabrook           Chris Phillips                                    60     0   2  3  
 2 Karl Alzner              Michal Rozsival                                   40     0   2  3  

Penalty Kill 4 Players Forward 
   Center                   Wing                     Time % Phy DF OF 
 1 Vincent Lecavalier       Michael Frolik           60     1   2  2  
 2 Jason Spezza             Gabriel Landeskog        40     1   2  2  

Penalty Kill 4 Players Defense
   Defense                  Defense                  Time % Phy DF OF 
 1 Brent Seabrook           Mike Komisarek           60     1   2  2  
 2 Michal Rozsival          Jay McKee                40     1   2  2  

Penalty Kill - 3 Players Forward 
   Forward                                           Time % Phy DF OF 
 1 Ilya Kovalchuk                                    60     1   2  2  
 2 Vincent Lecavalier                                40     1   2  2  

Penalty Kill - 3 Players Defense
   Defense                  Defense                  Time % Phy DF OF 
 1 Michal Rozsival          Jay McKee                60     1   2  2  
 2 Mike Komisarek           Brent Seabrook           40     1   2  2  

4 vs 4 Forward 
   Center                   Wing                     Time % Phy DF OF 
 1 Jason Spezza             Michael Frolik           60     1   2  2  
 2 Matt Duchene             Ilya Kovalchuk           40     1   2  2  

4 vs 4 Defense
   Defense                  Defense                  Time % Phy DF OF 
 1 Michal Rozsival          Brent Seabrook           60     1   2  2  
 2 Mike Komisarek           Jay McKee                40     1   2  2  

Last Minutes Offensive
   Center                   Left Wing                Right Wing               Defense                  Defense                  
   Jason Spezza             Ilya Kovalchuk           Michael Frolik           Brent Seabrook           Michal Rozsival          

Last Minutes Defensive
   Center                   Left Wing                Right Wing               Defense                  Defense                  
   Jason Spezza             Ilya Kovalchuk           Michael Frolik           Michal Rozsival          Brent Seabrook           

Goaltenders
Starting : James Reimer             
Backup : Frederik Andersen        

Extra Forwards
Normal : Vincent Lecavalier, Steve Ott, Brad Richardson - PP : Matt Duchene, Steve Ott - PK : Brad Richardson
Extra Defensemen
Normal : Brent Seabrook, Karl Alzner, Michal Rozsival - PP : Chris Phillips - PK : Karl Alzner, Brent Seabrook
Penalty Shots
Ilya Kovalchuk, Vincent Lecavalier, Jason Spezza, Michael Frolik, Matt Duchene

% Time on Ice - Rangers

Lines # - Real PCT - Wanted PCT - Time Play
Normal Forward
1 - 33% - 40% - 14:44
2 - 28% - 30% - 12:30
3 - 24% - 20% - 10:40
4 - 15% - 10% - 6:26
Normal Defense
1 - 38% - 40% - 17:03
2 - 32% - 30% - 14:01
3 - 14% - 20% - 6:19
4 - 16% - 10% - 6:57
PP Forward
1 - 65% - 60% - 5:38
2 - 35% - 40% - 3:04
PP Defense
1 - 80% - 60% - 6:56
2 - 20% - 40% - 1:46
PK Forward
1 - 70% - 60% - 4:54
2 - 30% - 40% - 2:04
PK Defense
1 - 61% - 60% - 4:15
2 - 39% - 40% - 2:43
PK3 Forward
1 - 0% - 60%
2 - 0% - 40%
PK3 Defense
1 - 0% - 60%
2 - 0% - 40%
44 Forward
1 - 0% - 60%
2 - 0% - 40%
44 Defense
1 - 0% - 60%
2 - 0% - 40%
Last Minute Offensive  - 0:00
Last Minute Defensive  - 0:00
Total
Forward - 60:00
Defense - 60:00

% Time on Ice - Devils

Lines # - Real PCT - Wanted PCT - Time Play
Normal Forward
1 - 38% - 40% - 16:40
2 - 26% - 30% - 11:43
3 - 21% - 20% - 9:09
4 - 15% - 10% - 6:48
Normal Defense
1 - 44% - 40% - 19:23
2 - 32% - 30% - 14:02
3 - 20% - 20% - 8:43
4 - 5% - 10% - 2:12
PP Forward
1 - 52% - 55% - 3:39
2 - 48% - 45% - 3:19
PP Defense
1 - 60% - 60% - 4:11
2 - 40% - 40% - 2:47
PK Forward
1 - 72% - 60% - 6:15
2 - 28% - 40% - 2:27
PK Defense
1 - 57% - 60% - 4:57
2 - 43% - 40% - 3:45
PK3 Forward
1 - 0% - 60%
2 - 0% - 40%
PK3 Defense
1 - 0% - 60%
2 - 0% - 40%
44 Forward
1 - 0% - 60%
2 - 0% - 40%
44 Defense
1 - 0% - 60%
2 - 0% - 40%
Last Minute Offensive  - 0:00
Last Minute Defensive  - 0:00
Total
Forward - 60:00
Defense - 60:00

Play by Play

1st period


0:01 of 1st period - Patrice Bergeron wins face-off versus Matt Duchene in neutral zone.
0:06 of 1st period - Michal Rozsival is hit by Patrice Bergeron.
0:28 of 1st period - Slapshot by Matt Read.
0:28 of 1st period - Shot Hit the Post.
0:58 of 1st period - Snap shot by Ilya Kovalchuk.
0:58 of 1st period - Stopped by Hannu Toivonen with a rebound.
1:00 of 1st period - Snap shot by Ilya Kovalchuk.
1:00 of 1st period - Stopped by Hannu Toivonen with a rebound.
1:02 of 1st period - Snap shot by Michal Rozsival.
1:02 of 1st period - Deflect By Ryan Suter.
1:02 of 1st period - Stopped by Hannu Toivonen with a rebound.
1:04 of 1st period - Slapshot by Jay McKee.
1:04 of 1st period - Stopped by Hannu Toivonen without a rebound.
1:05 of 1st period - Stephen Weiss wins face-off versus Jason Spezza in Rangers zone.
1:10 of 1st period - Wrist shot by Mike Cammalleri.
1:10 of 1st period - Stopped by James Reimer with a rebound.
1:33 of 1st period - Wrist shot by Milan Lucic.
1:33 of 1st period - Stopped by James Reimer without a rebound.
1:34 of 1st period - Patrice Bergeron wins face-off versus Vincent Lecavalier in Devils zone.
2:03 of 1st period - Snap shot by Gustav Nyquist.
2:03 of 1st period - Stopped by James Reimer with a rebound.
2:23 of 1st period - Wrist shot by Mike Cammalleri.
2:23 of 1st period - Stopped by James Reimer without a rebound.
2:24 of 1st period - Patrice Bergeron wins face-off versus Damien Brunner in Devils zone.
2:33 of 1st period - Snap shot by Patrice Bergeron.
2:33 of 1st period - Goal by Patrice Bergeron - Rangers : 1 - Devils : 0.
2:34 of 1st period - Mike Cammalleri wins face-off versus Jason Spezza in neutral zone.
2:38 of 1st period - Minor Penalty to Michael Frolik for Cross-checking.
2:39 of 1st period - Patrice Bergeron wins face-off versus Vincent Lecavalier in Devils zone.
2:41 of 1st period - Wrist shot by Milan Lucic.
2:41 of 1st period - Shot Blocked by Brad Richardson.
2:43 of 1st period - Snap shot by Cam Barker.
2:43 of 1st period - Stopped by James Reimer with a rebound.
3:45 of 1st period - Michal Rozsival is hit by Milan Lucic and loses puck.
4:38 of 1st period - Penalty to Michael Frolik is over, Michael Frolik is back on ice.
5:03 of 1st period - Icing by Matt Greene.
5:04 of 1st period - Artem Anisimov wins face-off versus Matt Duchene in Rangers zone.
5:22 of 1st period - Ilya Kovalchuk is hit by Matt Greene and loses puck.
6:03 of 1st period - Snap shot by Brad Richardson.
6:03 of 1st period - Stopped by Hannu Toivonen without a rebound.
6:04 of 1st period - Patrice Bergeron wins face-off versus Matt Duchene in Rangers zone.
7:07 of 1st period - Snap shot by Jason Spezza.
7:07 of 1st period - Stopped by Hannu Toivonen without a rebound.
7:08 of 1st period - Patrice Bergeron wins face-off versus Matt Duchene in Rangers zone.
7:17 of 1st period - Slapshot by Cam Barker.
7:17 of 1st period - Stopped by James Reimer with a rebound.
8:01 of 1st period - Minor Penalty to Steve Ott for Hooking.
8:02 of 1st period - Vincent Lecavalier wins face-off versus Patrice Bergeron in Devils zone.
8:02 of 1st period - Vincent Lecavalier is hit by Cam Barker.
8:28 of 1st period - Mark Fistric is hit by Mike Komisarek and loses puck.
8:34 of 1st period - Off-side.
8:35 of 1st period - Patrice Bergeron wins face-off versus Jason Spezza in neutral zone.
8:44 of 1st period - Wrist shot by Milan Lucic.
8:44 of 1st period - Goal by Milan Lucic - Rangers : 2 - Devils : 0.
8:45 of 1st period - Matt Duchene wins face-off versus Patrice Bergeron in neutral zone.
8:50 of 1st period - Drew Stafford is hit by Ilya Kovalchuk and loses puck.
9:01 of 1st period - Slapshot by Ilya Kovalchuk.
9:01 of 1st period - Stopped by Hannu Toivonen with a rebound.
9:11 of 1st period - Chris Mcallister is hit by Mike Cammalleri and loses puck.
9:28 of 1st period - Minor Penalty to Mike Cammalleri for Tripping.
9:29 of 1st period - Matt Duchene wins face-off versus Valtteri Filppula in Rangers zone.
9:40 of 1st period - Slapshot by Matt Duchene.
9:40 of 1st period - Stopped by Hannu Toivonen with a rebound.
9:42 of 1st period - Wrist shot by Brent Seabrook.
9:42 of 1st period - Deflect By Matt Greene.
9:42 of 1st period - Stopped by Hannu Toivonen with a rebound.
9:44 of 1st period - Snap shot by Matt Duchene.
9:44 of 1st period - Shot Misses the Net.
9:46 of 1st period - Slapshot by Brent Seabrook.
9:46 of 1st period - Shot Misses the Net.
11:28 of 1st period - Penalty to Mike Cammalleri is over, Mike Cammalleri is back on ice.
12:22 of 1st period - Snap shot by Mike Cammalleri.
12:22 of 1st period - Shot Misses the Net.
12:24 of 1st period - Slapshot by Matt Greene.
12:24 of 1st period - Stopped by James Reimer with a rebound.
12:26 of 1st period - Wrist shot by Jakob Silfverberg.
12:26 of 1st period - Goal by Jakob Silfverberg - Rangers : 3 - Devils : 0.
12:27 of 1st period - Patrice Bergeron wins face-off versus Matt Duchene in neutral zone.
13:04 of 1st period - Jason Spezza is hit by Mark Fistric and loses puck.
14:01 of 1st period - Icing by Drew Stafford.
14:02 of 1st period - Patrice Bergeron wins face-off versus Jason Spezza in Rangers zone.
14:07 of 1st period - Chris Mcallister is hit by Milan Lucic and loses puck.
14:16 of 1st period - Snap shot by Jason Spezza.
14:16 of 1st period - Shot Blocked by Cam Barker.
14:18 of 1st period - Wrist shot by Michael Frolik.
14:18 of 1st period - Shot Misses the Net.
14:32 of 1st period - Snap shot by Mike Cammalleri.
14:32 of 1st period - Stopped by James Reimer with a rebound.
14:50 of 1st period - Wrist shot by Vincent Lecavalier.
14:50 of 1st period - Shot Misses the Net.
14:52 of 1st period - Backhand shot by Michal Rozsival.
14:52 of 1st period - Deflect By Vincent Lecavalier.
14:52 of 1st period - Goal by Vincent Lecavalier - Rangers : 3 - Devils : 1.
14:53 of 1st period - Matt Duchene wins face-off versus Patrice Bergeron in neutral zone.
15:20 of 1st period - Michal Rozsival is hit by Stephen Weiss and loses puck.
15:38 of 1st period - Icing by Michal Rozsival.
15:39 of 1st period - Jason Spezza wins face-off versus Artem Anisimov in Devils zone.
15:56 of 1st period - Wrist shot by Matt Duchene.
15:56 of 1st period - Stopped by Hannu Toivonen with a rebound.
16:34 of 1st period - Snap shot by Jakob Silfverberg.
16:34 of 1st period - Stopped by James Reimer with a rebound.
16:36 of 1st period - Slapshot by Ryan Suter.
16:36 of 1st period - Shot Misses the Net.
16:38 of 1st period - Snap shot by Cam Barker.
16:38 of 1st period - Stopped by James Reimer with a rebound.
16:58 of 1st period - Wrist shot by Damien Brunner.
16:58 of 1st period - Goal by Damien Brunner - Rangers : 3 - Devils : 2.
16:59 of 1st period - Patrice Bergeron wins face-off versus Matt Duchene in neutral zone.
17:04 of 1st period - Snap shot by Milan Lucic.
17:04 of 1st period - Shot Misses the Net.
17:08 of 1st period - Snap shot by Milan Lucic.
17:08 of 1st period - Shot Blocked by Jay McKee.
17:10 of 1st period - Snap shot by Staffan Kronwall.
17:10 of 1st period - Shot Blocked by Michal Rozsival.
17:31 of 1st period - Snap shot by Chris Mcallister.
17:31 of 1st period - Stopped by Hannu Toivonen without a rebound.
17:32 of 1st period - Patrice Bergeron wins face-off versus Jason Spezza in Rangers zone.
17:43 of 1st period - Slapshot by Patrice Bergeron.
17:43 of 1st period - Shot Blocked by Jason Spezza.
19:17 of 1st period - Snap shot by Jason Spezza.
19:17 of 1st period - Shot Misses the Net.
19:27 of 1st period - Wrist shot by Ilya Kovalchuk.
19:27 of 1st period - Shot Misses the Net.
19:29 of 1st period - Slapshot by Karl Alzner.
19:29 of 1st period - Stopped by Hannu Toivonen with a rebound.
19:31 of 1st period - Slapshot by Mike Komisarek.
19:31 of 1st period - Shot Misses the Net.
19:53 of 1st period - Snap shot by Brad Richardson.
19:53 of 1st period - Deflect By Vincent Lecavalier.
19:53 of 1st period - Shot Misses the Net.
19:53 of 1st period - Puck is out of play.
19:54 of 1st period - Jason Spezza wins face-off versus Patrice Bergeron in Rangers zone.
Goals for this period are 3 for Rangers vs 2 for Devils.
Shots for this period are 13 for Rangers vs 14 for Devils.

2nd period


0:01 of 2nd period - Ilya Kovalchuk wins face-off versus Patrice Bergeron in neutral zone.
0:06 of 2nd period - Slapshot by Brent Seabrook.
0:06 of 2nd period - Deflect By Matt Duchene.
0:06 of 2nd period - Shot Misses the Net.
0:06 of 2nd period - Puck is out of play.
0:07 of 2nd period - Matt Duchene wins face-off versus Patrice Bergeron in Rangers zone.
0:12 of 2nd period - Snap shot by Ilya Kovalchuk.
0:12 of 2nd period - Shot Blocked by Mark Fistric.
0:12 of 2nd period - Mark Fistric from Rangers is injured at 0:12 of 2nd period (Sprained Right Ankle).
0:13 of 2nd period - Patrice Bergeron wins face-off versus Matt Duchene in Rangers zone.
0:27 of 2nd period - Icing by Karl Alzner.
0:28 of 2nd period - Stephen Weiss wins face-off versus Matt Duchene in Devils zone.
0:29 of 2nd period - Snap shot by Mike Cammalleri.
0:29 of 2nd period - Shot Misses the Net.
0:31 of 2nd period - Snap shot by Stephen Weiss.
0:31 of 2nd period - Shot Misses the Net.
0:33 of 2nd period - Snap shot by Matt Greene.
0:33 of 2nd period - Stopped by James Reimer with a rebound.
0:35 of 2nd period - Wrist shot by Jakob Silfverberg.
0:35 of 2nd period - Deflect By Mike Cammalleri.
0:35 of 2nd period - Shot Blocked by Brent Seabrook.
0:35 of 2nd period - Puck is out of play.
0:36 of 2nd period - Matt Duchene wins face-off versus Jakob Silfverberg in Devils zone.
1:03 of 2nd period - Wrist shot by Matt Read.
1:03 of 2nd period - Shot Blocked by Brent Seabrook.
2:15 of 2nd period - Off-side.
2:16 of 2nd period - Matt Duchene wins face-off versus Patrice Bergeron in neutral zone.
2:23 of 2nd period - Snap shot by Ilya Kovalchuk.
2:23 of 2nd period - Shot Misses the Net.
2:46 of 2nd period - Snap shot by Jakob Silfverberg.
2:46 of 2nd period - Stopped by James Reimer with a rebound.
2:48 of 2nd period - Wrist shot by Mike Cammalleri.
2:48 of 2nd period - Stopped by James Reimer without a rebound.
2:49 of 2nd period - Stephen Weiss wins face-off versus Vincent Lecavalier in Devils zone.
3:03 of 2nd period - Minor Penalty to Vincent Lecavalier for Charging.
3:04 of 2nd period - Brad Richardson wins face-off versus Milan Lucic in Devils zone.
3:40 of 2nd period - Wrist shot by Jakob Silfverberg.
3:40 of 2nd period - Goal by Jakob Silfverberg - Rangers : 4 - Devils : 2.
3:40 of 2nd period - Frederik Andersen enters game.
3:41 of 2nd period - Patrice Bergeron wins face-off versus Matt Duchene in neutral zone.
4:06 of 2nd period - Stephen Weiss is hit by Michael Frolik and loses puck.
4:30 of 2nd period - Minor Penalty to Karl Alzner for Interference.
4:31 of 2nd period - Vincent Lecavalier wins face-off versus Patrice Bergeron in Devils zone.
4:43 of 2nd period - Mike Komisarek is hit by Patrice Bergeron and loses puck.
5:00 of 2nd period - Jason Spezza is hit by Cam Barker and loses puck.
5:19 of 2nd period - Drew Stafford is hit by Vincent Lecavalier and loses puck.
5:34 of 2nd period - Icing by Drew Stafford.
5:35 of 2nd period - Vincent Lecavalier wins face-off versus Stephen Weiss in Rangers zone.
5:53 of 2nd period - Icing by Stephen Weiss.
5:54 of 2nd period - Stephen Weiss wins face-off versus Jason Spezza in Rangers zone.
6:30 of 2nd period - Penalty to Karl Alzner is over, Karl Alzner is back on ice.
6:52 of 2nd period - Slapshot by Vincent Lecavalier.
6:52 of 2nd period - Stopped by Hannu Toivonen with a rebound.
6:58 of 2nd period - Wrist shot by Matt Read.
6:58 of 2nd period - Deflect By Artem Anisimov.
6:58 of 2nd period - Shot Misses the Net.
6:58 of 2nd period - Puck is out of play.
6:59 of 2nd period - Artem Anisimov wins face-off versus Matt Duchene in Devils zone.
7:03 of 2nd period - Icing by Michal Rozsival.
7:04 of 2nd period - Matt Duchene wins face-off versus Artem Anisimov in Devils zone.
7:15 of 2nd period - Wrist shot by Ilya Kovalchuk.
7:15 of 2nd period - Stopped by Hannu Toivonen with a rebound.
7:17 of 2nd period - Snap shot by Vladimir Tarasenko.
7:17 of 2nd period - Shot Misses the Net.
7:19 of 2nd period - Snap shot by Vladimir Tarasenko.
7:19 of 2nd period - Stopped by Hannu Toivonen with a rebound.
7:21 of 2nd period - Slapshot by Matt Duchene.
7:21 of 2nd period - Stopped by Hannu Toivonen without a rebound.
7:22 of 2nd period - Jason Spezza wins face-off versus Patrice Bergeron in Rangers zone.
7:31 of 2nd period - Snap shot by Michael Frolik.
7:31 of 2nd period - Stopped by Hannu Toivonen with a rebound.
9:41 of 2nd period - Chris Phillips is hit by Mike Cammalleri and loses puck.
9:48 of 2nd period - Matt Duchene is hit by Jakob Silfverberg and loses puck.
10:05 of 2nd period - Slapshot by Mike Komisarek.
10:05 of 2nd period - Shot Misses the Net.
10:21 of 2nd period - Bryan Young is hit by Steve Ott and loses puck.
10:32 of 2nd period - Michal Rozsival is hit by Nick Foligno and loses puck.
10:37 of 2nd period - Wrist shot by Matt Read.
10:37 of 2nd period - Shot Misses the Net.
10:39 of 2nd period - Slapshot by Nick Foligno.
10:39 of 2nd period - Shot Misses the Net.
10:41 of 2nd period - Snap shot by Artem Anisimov.
10:41 of 2nd period - Stopped by Frederik Andersen with a rebound.
10:43 of 2nd period - Snap shot by Matt Read.
10:43 of 2nd period - Shot Misses the Net.
10:45 of 2nd period - Snap shot by Artem Anisimov.
10:45 of 2nd period - Stopped by Frederik Andersen without a rebound.
10:46 of 2nd period - Patrice Bergeron wins face-off versus Vincent Lecavalier in Devils zone.
11:00 of 2nd period - Snap shot by Patrice Bergeron.
11:00 of 2nd period - Deflect By Milan Lucic.
11:00 of 2nd period - Stopped by Frederik Andersen without a rebound.
11:01 of 2nd period - Matt Duchene wins face-off versus Patrice Bergeron in Devils zone.
11:10 of 2nd period - Cam Barker is hit by Ilya Kovalchuk and loses puck.
11:58 of 2nd period - Slapshot by Karl Alzner.
11:58 of 2nd period - Shot Misses the Net.
12:00 of 2nd period - Backhand shot by Vincent Lecavalier.
12:00 of 2nd period - Shot Misses the Net.
12:02 of 2nd period - Snap shot by Gabriel Landeskog.
12:02 of 2nd period - Stopped by Hannu Toivonen without a rebound.
12:03 of 2nd period - Patrice Bergeron wins face-off versus Matt Duchene in Rangers zone.
12:03 of 2nd period - Patrice Bergeron is hit by Michal Rozsival.
12:17 of 2nd period - Snap shot by Ilya Kovalchuk.
12:17 of 2nd period - Shot Blocked by Drew Stafford.
12:37 of 2nd period - Snap shot by Michael Frolik.
12:37 of 2nd period - Stopped by Hannu Toivonen without a rebound.
12:38 of 2nd period - Jason Spezza wins face-off versus Patrice Bergeron in Rangers zone.
12:42 of 2nd period - Major Penalty to Matt Greene for Boarding.
12:43 of 2nd period - Matt Duchene wins face-off versus Valtteri Filppula in Rangers zone.
12:51 of 2nd period - Wrist shot by Matt Duchene.
12:51 of 2nd period - Shot Blocked by Cam Barker.
12:53 of 2nd period - Snap shot by Vladimir Tarasenko.
12:53 of 2nd period - Stopped by Hannu Toivonen without a rebound.
12:54 of 2nd period - Valtteri Filppula wins face-off versus Matt Duchene in Rangers zone.
13:05 of 2nd period - Wrist shot by Ilya Kovalchuk.
13:05 of 2nd period - Shot Blocked by Valtteri Filppula.
13:07 of 2nd period - Slapshot by Matt Duchene.
13:07 of 2nd period - Shot Blocked by Cam Barker.
13:53 of 2nd period - Patrice Bergeron is hit by Matt Duchene and loses puck.
15:29 of 2nd period - Steve Ott is hit by Matt Read and loses puck.
15:36 of 2nd period - Brent Seabrook is hit by Matt Read and loses puck.
15:49 of 2nd period - Nick Foligno is hit by Michael Frolik and loses puck.
16:50 of 2nd period - Icing by Vladimir Tarasenko.
16:51 of 2nd period - Steve Ott wins face-off versus Valtteri Filppula in Devils zone.
17:02 of 2nd period - Michal Rozsival is hit by Drew Stafford and loses puck.
17:42 of 2nd period - Penalty to Matt Greene is over, Matt Greene is back on ice.
17:55 of 2nd period - Steve Ott is hit by Stephen Weiss and loses puck.
18:18 of 2nd period - Snap shot by Patrice Bergeron.
18:18 of 2nd period - Stopped by Frederik Andersen without a rebound.
18:19 of 2nd period - Patrice Bergeron wins face-off versus Vincent Lecavalier in Devils zone.
18:30 of 2nd period - Wrist shot by Patrice Bergeron.
18:30 of 2nd period - Goal by Patrice Bergeron - Rangers : 5 - Devils : 2.
18:31 of 2nd period - Matt Duchene wins face-off versus Patrice Bergeron in neutral zone.
18:31 of 2nd period - Matt Duchene is hit by Patrice Bergeron.
19:20 of 2nd period - Wrist shot by Damien Brunner.
19:20 of 2nd period - Stopped by Hannu Toivonen without a rebound.
19:21 of 2nd period - Steve Ott wins face-off versus Patrice Bergeron in Rangers zone.
19:24 of 2nd period - Wrist shot by Damien Brunner.
19:24 of 2nd period - Shot Misses the Net.
19:49 of 2nd period - Snap shot by Michal Rozsival.
19:49 of 2nd period - Stopped by Hannu Toivonen without a rebound.
19:50 of 2nd period - Matt Duchene wins face-off versus Artem Anisimov in Rangers zone.
Goals for this period are 2 for Rangers vs 0 for Devils.
Shots for this period are 9 for Rangers vs 10 for Devils.

3rd period


0:01 of 3rd period - Vladimir Tarasenko wins face-off versus Patrice Bergeron in neutral zone.
0:26 of 3rd period - Jason Spezza is hit by Matt Read.
1:00 of 3rd period - Slapshot by Brent Seabrook.
1:00 of 3rd period - Stopped by Hannu Toivonen with a rebound.
1:10 of 3rd period - Slapshot by Cam Barker.
1:10 of 3rd period - Stopped by Frederik Andersen without a rebound.
1:11 of 3rd period - Steve Ott wins face-off versus Valtteri Filppula in Devils zone.
1:16 of 3rd period - Slapshot by Chris Bourque.
1:16 of 3rd period - Stopped by Frederik Andersen with a rebound.
1:36 of 3rd period - Milan Lucic is hit by Ilya Kovalchuk and loses puck.
1:43 of 3rd period - Snap shot by Matt Duchene.
1:43 of 3rd period - Goal by Matt Duchene - Rangers : 5 - Devils : 3.
1:44 of 3rd period - Matt Duchene wins face-off versus Drew Stafford in neutral zone.
1:47 of 3rd period - Ryan Suter is hit by Matt Duchene and loses puck.
1:58 of 3rd period - Wrist shot by Michal Rozsival.
1:58 of 3rd period - Shot Misses the Net.
2:00 of 3rd period - Snap shot by Vladimir Tarasenko.
2:00 of 3rd period - Shot Misses the Net.
2:39 of 3rd period - Slapshot by Damien Brunner.
2:39 of 3rd period - Stopped by Hannu Toivonen with a rebound.
4:22 of 3rd period - Valtteri Filppula is hit by Michal Rozsival and loses puck.
4:29 of 3rd period - Wrist shot by Vincent Lecavalier.
4:29 of 3rd period - Goal by Vincent Lecavalier - Rangers : 5 - Devils : 4.
4:30 of 3rd period - Matt Duchene wins face-off versus Patrice Bergeron in neutral zone.
4:45 of 3rd period - Snap shot by Vladimir Tarasenko.
4:45 of 3rd period - Stopped by Hannu Toivonen with a rebound.
4:47 of 3rd period - Snap shot by Matt Duchene.
4:47 of 3rd period - Shot Blocked by Cam Barker.
4:54 of 3rd period - Icing by Milan Lucic.
4:55 of 3rd period - Stephen Weiss wins face-off versus Jason Spezza in Rangers zone.
4:59 of 3rd period - Minor Penalty to Chris Phillips for Interference.
5:00 of 3rd period - Vincent Lecavalier wins face-off versus Patrice Bergeron in Devils zone.
5:27 of 3rd period - Vincent Lecavalier is hit by Milan Lucic and loses puck.
6:24 of 3rd period - Snap shot by Drew Stafford.
6:24 of 3rd period - Goal by Drew Stafford - Rangers : 6 - Devils : 4.
6:25 of 3rd period - Stephen Weiss wins face-off versus Matt Duchene in neutral zone.
6:30 of 3rd period - Snap shot by Stephen Weiss.
6:30 of 3rd period - Shot Blocked by Brent Seabrook.
6:50 of 3rd period - Artem Anisimov is hit by Chris Mcallister and loses puck.
7:38 of 3rd period - Wrist shot by Mike Cammalleri.
7:38 of 3rd period - Stopped by Frederik Andersen without a rebound.
7:39 of 3rd period - Stephen Weiss wins face-off versus Matt Duchene in Devils zone.
8:30 of 3rd period - Slapshot by Ryan Suter.
8:30 of 3rd period - Deflect By Matt Read.
8:30 of 3rd period - Goal by Matt Read - Rangers : 7 - Devils : 4.
8:31 of 3rd period - Patrice Bergeron wins face-off versus Vladimir Tarasenko in neutral zone.
8:34 of 3rd period - Snap shot by Drew Stafford.
8:34 of 3rd period - Stopped by Frederik Andersen with a rebound.
8:48 of 3rd period - Wrist shot by Ilya Kovalchuk.
8:48 of 3rd period - Stopped by Hannu Toivonen with a rebound.
9:25 of 3rd period - Slapshot by Cam Barker.
9:25 of 3rd period - Stopped by Frederik Andersen with a rebound.
10:42 of 3rd period - Wrist shot by Steve Ott.
10:42 of 3rd period - Deflect By Matt Read.
10:42 of 3rd period - Stopped by Hannu Toivonen with a rebound.
10:44 of 3rd period - Slapshot by Mike Komisarek.
10:44 of 3rd period - Shot Blocked by Nick Foligno.
11:39 of 3rd period - Minor Penalty to Jason Spezza for Hooking.
11:40 of 3rd period - Vincent Lecavalier wins face-off versus Patrice Bergeron in Devils zone.
11:40 of 3rd period - Vincent Lecavalier is hit by Milan Lucic.
12:06 of 3rd period - Vincent Lecavalier is hit by Mike Cammalleri and loses puck.
12:19 of 3rd period - Gabriel Landeskog is hit by Mike Cammalleri and loses puck.
13:24 of 3rd period - Cam Barker is hit by Mike Komisarek and loses puck.
13:39 of 3rd period - Penalty to Jason Spezza is over, Jason Spezza is back on ice.
13:45 of 3rd period - Snap shot by Michael Frolik.
13:45 of 3rd period - Shot Misses the Net.
14:02 of 3rd period - Nick Foligno is hit by Brent Seabrook and loses puck.
14:22 of 3rd period - Gustav Nyquist is hit by Jay McKee and loses puck.
14:34 of 3rd period - Staffan Kronwall is hit by Ilya Kovalchuk and loses puck.
15:08 of 3rd period - Ryan Suter is hit by Damien Brunner and loses puck.
15:33 of 3rd period - Brent Seabrook is hit by Matt Greene and loses puck.
16:35 of 3rd period - Staffan Kronwall is hit by Vladimir Tarasenko and loses puck.
17:18 of 3rd period - Snap shot by Matt Duchene.
17:18 of 3rd period - Deflect By Drew Stafford.
17:18 of 3rd period - Stopped by Hannu Toivonen with a rebound.
17:20 of 3rd period - Snap shot by Matt Duchene.
17:20 of 3rd period - Shot Misses the Net.
17:22 of 3rd period - Wrist shot by Ilya Kovalchuk.
17:22 of 3rd period - Stopped by Hannu Toivonen without a rebound.
17:23 of 3rd period - Matt Duchene wins face-off versus Artem Anisimov in Rangers zone.
17:59 of 3rd period - Jay McKee is hit by Bryan Young and loses puck.
18:04 of 3rd period - Slapshot by Artem Anisimov.
18:04 of 3rd period - Stopped by Frederik Andersen without a rebound.
18:05 of 3rd period - Drew Stafford wins face-off versus Michael Frolik in Devils zone.
18:08 of 3rd period - Snap shot by Patrice Bergeron.
18:08 of 3rd period - Stopped by Frederik Andersen without a rebound.
18:09 of 3rd period - Patrice Bergeron wins face-off versus Jason Spezza in Devils zone.
18:22 of 3rd period - Snap shot by Jason Spezza.
18:22 of 3rd period - Deflect By Chris Mcallister.
18:22 of 3rd period - Shot Misses the Net.
18:22 of 3rd period - Puck is out of play.
18:23 of 3rd period - Matt Duchene wins face-off versus Patrice Bergeron in Rangers zone.
18:36 of 3rd period - Wrist shot by Ilya Kovalchuk.
18:36 of 3rd period - Stopped by Hannu Toivonen without a rebound.
18:37 of 3rd period - Matt Duchene wins face-off versus Patrice Bergeron in Rangers zone.
18:44 of 3rd period - Snap shot by Ilya Kovalchuk.
18:44 of 3rd period - Stopped by Hannu Toivonen with a rebound.
18:46 of 3rd period - Wrist shot by Jay McKee.
18:46 of 3rd period - Deflect By Matt Duchene.
18:46 of 3rd period - Stopped by Hannu Toivonen with a rebound.
18:48 of 3rd period - Snap shot by Ilya Kovalchuk.
18:48 of 3rd period - Stopped by Hannu Toivonen with a rebound.
18:50 of 3rd period - Slapshot by Jay McKee.
18:50 of 3rd period - Shot Blocked by Ryan Suter.
18:52 of 3rd period - Snap shot by Vladimir Tarasenko.
18:52 of 3rd period - Goal by Vladimir Tarasenko - Rangers : 7 - Devils : 5.
18:53 of 3rd period - Artem Anisimov wins face-off versus Vincent Lecavalier in neutral zone.
19:08 of 3rd period - Wrist shot by Brad Richardson.
19:08 of 3rd period - Shot Blocked by Cam Barker.
19:10 of 3rd period - Wrist shot by Gabriel Landeskog.
19:10 of 3rd period - Stopped by Hannu Toivonen without a rebound.
19:11 of 3rd period - Matt Duchene wins face-off versus Valtteri Filppula in Rangers zone.
19:12 of 3rd period - Wrist shot by Vladimir Tarasenko.
19:12 of 3rd period - Shot Misses the Net.
19:14 of 3rd period - Snap shot by Matt Duchene.
19:14 of 3rd period - Shot Misses the Net.
19:16 of 3rd period - Slapshot by Matt Duchene.
19:16 of 3rd period - Shot Misses the Net.
19:22 of 3rd period - Snap shot by Ilya Kovalchuk.
19:22 of 3rd period - Stopped by Hannu Toivonen without a rebound.
19:23 of 3rd period - Artem Anisimov wins face-off versus Vincent Lecavalier in Rangers zone.
19:23 of 3rd period - Artem Anisimov is hit by Brent Seabrook.
19:33 of 3rd period - Snap shot by Vincent Lecavalier.
19:33 of 3rd period - Stopped by Hannu Toivonen with a rebound.
19:49 of 3rd period - Cam Barker is hit by Chris Phillips and loses puck.
Goals for this period are 2 for Rangers vs 3 for Devils.
Shots for this period are 9 for Rangers vs 17 for Devils.